 Dungeon Crawl Stone Soup version 0.22-a0-414-gacd343e8ff (webtiles) character file.

2139 Manul the Twirler (level 9, 0/46 HPs)
             Began as a Vine Stalker Gladiator on May 13, 2018.
             Was an Initiate of Gozag.
             Slain by Menkaure (15 damage)
             ... on level 7 of the Dungeon.
             The game lasted 00:09:18 (6693 turns).

Manul the Twirler (Vine Stalker Gladiator)          Turns: 6693, Time: 00:09:18

Health: 0/46       AC:  5    Str: 18    XL:     9   Next: 30%
Magic:  0/10       EV: 14    Int:  8    God:    Gozag
Gold:   616        SH:  0    Dex: 18    Spells: 8/8 levels left

rFire    . . .     SeeInvis .   a - +0 quarterstaff
rCold    + . .     Gourm    +   (shield currently unavailable)
rNeg     . . .     Faith    .   i - +0 leather armour
rPois    .         Spirit   +   c - +1 helmet
rElec    .         Reflect  .   (no cloak)
rCorr    .         Harm     .   (no gloves)
MR       +....                  (no boots)
Stlth    ++........             r - amulet of the gourmand
HPRegen  0.55/turn              A - ring of protection from cold
MPRegen  0.12/turn              (no ring)

@: drained
A: fangs 3, regeneration 1, magic shield, antimagic bite, no potion heal 3, rot
immunity
a: Potion Petition, Call Merchant, Bribe Branch, Renounce Religion


You were on level 7 of the Dungeon.
You worshipped Gozag.
Gozag was pleased with you.
You were very full.

You visited 2 branches of the dungeon, and saw 8 of its levels.
You also visited: Ossuary.

You collected 690 gold pieces.
You paid 74 gold pieces to Gozag.

Inventory:

Hand Weapons
 a - a +0 quarterstaff (weapon)
 p - a +5 scythe of holy wrath
Missiles
 d - 2 throwing nets (quivered)
Armour
 b - a +0 leather armour
 c - a +1 helmet (worn)
 i - a +0 leather armour (worn)
 C - the -2 hat of the Alchemist {rElec rPois rF+ rC+ rN+ MR+ rMut rCorr}
   (You found it on level 6 of the Dungeon)

   It protects you from fire.
   It protects you from cold.
   It insulates you from electricity.
   It protects you from poison.
   It protects you from negative energy.
   It affects your resistance to hostile enchantments.
   It protects you from acid and corrosion.
   It protects you from mutation.
Jewellery
 r - an amulet of the gourmand (around neck)
 A - a ring of protection from cold (left hand)
Wands
 x - a wand of paralysis (9)
Scrolls
 e - 7 scrolls of identify
 h - 4 scrolls of remove curse
 k - a scroll of enchant armour
 t - a scroll of blinking {unknown}
 v - 4 scrolls of fog
 y - 2 scrolls of immolation
 B - a scroll of enchant weapon {unknown}
Potions
 g - a potion of berserk rage {unknown}
 j - a potion of mutation {unknown}
 l - a potion of lignification {unknown}
 m - a potion of brilliance
 n - 4 potions of ambrosia {unknown}
 o - a potion of might {unknown}
 q - 2 potions of magic
 s - a potion of flight
 u - 5 potions of curing
 w - 2 potions of degeneration {unknown}
 z - a potion of agility {unknown}
 D - a potion of haste {unknown}
Comestibles
 f - 10 rations


   Skills:
 + Level 4.7(3.9) Fighting
 + Level 7.8(7.0) Staves
 + Level 1.9(1.2) Throwing
 + Level 3.7(3.0) Armour
 + Level 4.7(3.9) Dodging
 + Level 3.5(2.8) Stealth


You had 8 spell levels left.
You didn't know any spells.
Your spell library was empty.

Dungeon Overview and Level Annotations

Branches:
Dungeon (7/15)             Temple (1/1) D:4

Altars:
Cheibriados
Elyvilon
Fedhas
Gozag
Hepliaklqana
Kikubaaqudgha
Makhleb
Nemelex Xobeh
Okawaru
Qazlal
Ru
Sif Muna
Vehumet
Wu Jian
Xom
Yredelemnul
Zin
The Shining One

Shops:
D:4 %%!

Annotations:
D:7 Menkaure


Innate Abilities, Weirdness & Mutations

You have razor-sharp teeth.
Your natural rate of healing is unusually fast.
When hurt, damage is shared between your health and your magic reserves.
Your bite disrupts and absorbs the magic of your enemies.
Potions cannot restore your health.
You are immune to rotting.


Message History

Found 20 stones.
No target in view!
Found a ring mail.
You see here a ring mail.
You open the door.
There is an open door here.
Menkaure, Prince of Dust comes into view.
Menkaure shouts!
Menkaure calls on the powers of darkness!
Your body is wracked with pain!
Menkaure calls on the powers of darkness!
Your body is wracked with pain!
Menkaure shouts, "The sands of time shall wipe you from history!"
Menkaure gestures at you while chanting.
Pain shoots through your body!
You closely miss Menkaure. Your bite misses Menkaure. You barely miss Menkaure.
You bite Menkaure, but do no damage. Menkaure hits you!!
You die...
Your body crumbles into a pile of gold.

.. ..#######. .#
####..........# .#
#..#..........# .#
#..#..........#
.######.<#..........#
........##..........#
.....#..............####
.....#.####.............
.....#.# #.....@M......
.....#.# ##.######.....
.....#.# #.# ...
.....#.# #.# . ##'###.#
#.# #.# #.. ..# #.# ###
##.# $ ...#


You could see Menkaure.

Vanquished Creatures
  Sigmund (D:6)
  Edmund (D:6)
  2 phantoms (D:4)
  An ogre (D:5)
  A big kobold (D:6)
  A bullfrog (D:6)
  Blork the orc (D:6)
  9 wights (D:6)
  A howler monkey (D:6)
  5 crimson imps
  A centaur zombie (Ossuary)
  A hound (D:4)
  A human zombie (Ossuary)
  3 orc priests
  A centaur skeleton (D:4)
  An iguana (D:4)
  Terence (D:2)
  4 orc wizards
  2 worker ants
  2 big kobold zombies (Ossuary)
  3 mummies (Ossuary)
  7 gnolls (D:4)
  9 adders
  2 worm zombies (D:4)
  3 oozes
  An adder skeleton (D:5)
  2 worms
  A dart slug (D:1)
  4 leopard geckos
  19 orcs
  5 ball pythons
  4 giant cockroaches
  2 gnoll zombies (D:6)
  12 goblins
  7 hobgoblins
  8 jackals
  3 quokkas
  9 bats
  7 frilled lizards
  A goblin zombie (Ossuary)
  31 kobolds
  2 kobold zombies (Ossuary)
  An orc zombie (Ossuary)
  8 rats
191 creatures vanquished.

Vanquished Creatures (others)
  2 plants (D:6)
2 creatures vanquished.

Grand Total: 193 creatures vanquished

Notes
Turn   | Place    | Note
-------+----------+-------------------------------------------
     0 | D:1      | Manul the Vine Stalker Gladiator began the quest for the Orb.
     0 | D:1      | Reached XP level 1. HP: 11/11 MP: 2/2
   165 | D:1      | Reached XP level 2. HP: 10/15 MP: 1/3
   873 | D:1      | Reached skill level 3 in Staves
   877 | D:1      | Reached XP level 3. HP: 15/18 MP: 2/4
  1482 | D:2      | Gained mutation: Your natural rate of healing is unusually fast. [Vine Stalker growth]
  1482 | D:2      | Reached XP level 4. HP: 16/23 MP: 3/5
  1760 | D:2      | Noticed Terence
  1770 | D:2      | Killed Terence
  1831 | D:2      | Reached skill level 1 in Armour
  2127 | D:3      | Reached XP level 5. HP: 19/27 MP: 6/6
  2210 | D:3      | Reached skill level 1 in Stealth
  2318 | D:3      | Reached skill level 4 in Staves
  2581 | D:3      | Found a hazy altar of Hepliaklqana.
  2582 | D:3      | Found a shimmering altar of Xom.
  2582 | D:3      | Noticed a thorn hunter
  2583 | D:3      | Noticed a thorn hunter
  2583 | D:3      | Noticed a spectral ugly thing
  2629 | D:4      | Found Omeigiet's Food Shop.
  2632 | D:4      | Reached XP level 6. HP: 32/32 MP: 7/7
  2792 | D:4      | Noticed a phantom
  2812 | D:4      | Killed a phantom
  2925 | D:4      | Found Zasem's Food Emporium.
  2952 | D:4      | Reached XP level 7. HP: 29/35 MP: 8/8
  2953 | D:4      | Found Ofufraog's Distillery.
  3034 | D:4      | Found a sand-covered staircase.
  3062 | Ossuary  | Entered an ossuary
  3148 | Ossuary  | Reached skill level 5 in Staves
  3488 | D:5      | Entered Level 5 of the Dungeon
  3577 | D:5      | Gained mutation: You have razor-sharp teeth. [Vine Stalker growth]
  3577 | D:5      | Reached XP level 8. HP: 29/42 MP: 9/9
  3879 | D:5      | Reached skill level 6 in Staves
  3933 | D:4      | Found a staircase to the Ecumenical Temple.
  4165 | Temple   | Entered the Ecumenical Temple
  4243 | Temple   | Became a worshipper of Gozag Ym Sagoz the Greedy
  5006 | D:6      | Found a snail-covered altar of Cheibriados.
  5094 | D:6      | Found the -2 hat of the Alchemist {rElec rPois rF+ rC+ rN+ MR+ rMut rCorr}
  5303 | D:6      | Reached skill level 7 in Staves
  5446 | D:6      | Noticed Sigmund
  5485 | D:6      | Killed Sigmund
  5485 | D:6      | Reached XP level 9. HP: 10/46 MP: 7/10
  5512 | D:6      | Noticed Edmund
  5525 | D:6      | Killed Edmund
  5810 | D:6      | Noticed Blork the orc
  5819 | D:6      | Killed Blork the orc
  5891 | D:6      | Found a basalt altar of Yredelemnul.
  6687 | D:7      | Noticed Menkaure
  6693 | D:7      | Slain by Menkaure

Vault maps used:
D:1:      lightli_arrival_lavapool
D:2:      first_ration, uniq_terence
D:3:      regret_index_temple_of_mockery
D:4:      minmay_temple_entry_statues_pillars, enter_ossuary_3, serial_shops,
          shop_fountains, shop, shop, minmay_lizard_king
D:5:      roderic_roman_lattice, eino_tiny_chamber
D:6:      kennysheep_kobold_camp, lemuel_zombie_altar_yredelemnul,
          overflow_temple_1_default, kennysheep_nondescript, uniq_edmund,
          uniq_sigmund, uniq_blork_the_orc
D:7:      uniq_menkaure, uniq_prince_ribbit1
Temple:   zaba_magenta_temple
Ossuary:  ossuary_crypta

Skill      XL: |  1  2  3  4  5  6  7  8 |
---------------+-------------------------+-----
Dodging        | 3 4 |  4.7
Staves         | 3 4 5 7 |  7.8
Fighting       | 2 3 4 |  4.7
Armour         | 1 2 3 |  3.7
Stealth        | 1 2 3 |  3.5
Throwing       | |  1.9

Action                   |  1- 3 |  4- 6 |  7- 9 || total
-------------------------+-------+-------+-------++-------
Melee: Quarterstaff      |    85 |   198 |   350 ||   633
       Bite              |    17 |    63 |   135 ||   215
Throw: Throwing net      |       |     1 |     1 ||     2
  Use: Potion            |     1 |       |     1 ||     2
       Scroll            |       |     6 |     6 ||    12
 Stab: Distracted        |     1 |       |     1 ||     2
       Sleeping          |       |     4 |     6 ||    10
       Held in net/web   |       |     1 |       ||     1
  Eat: Chunk             |     2 |    32 |    11 ||    45
Armor: Leather armour    |    31 |    46 |    58 ||   135
Dodge: Dodged            |    91 |   138 |   203 ||   432

Table legend:
 A = Spawn XP
 B = Non-spawn XP
 C = Spawn XP percentage of total XP
 D = Spawn monster count
 E = Non-spawn monster count
 F = Spawn count percentage of total count
 G = Total turns spent on level
                    A         B        C        D         E        F      G
               +---------+---------+-------+---------+---------+-------+---------
         Total |       0 |    3056 |   0.0 |       0 |     191 |   0.0 |  6693
               +---------+---------+-------+---------+---------+-------+---------
           D:1 |       0 |      41 |   0.0 |       0 |      22 |   0.0 |  1193
           D:2 |       0 |     119 |   0.0 |       0 |      27 |   0.0 |   960
           D:3 |       0 |     156 |   0.0 |       0 |      32 |   0.0 |   542
           D:4 |       0 |     542 |   0.0 |       0 |      26 |   0.0 |  1188
           D:5 |       0 |     362 |   0.0 |       0 |      15 |   0.0 |   650
           D:6 |       0 |    1572 |   0.0 |       0 |      54 |   0.0 |  1718
           D:7 |       0 |      60 |   0.0 |       0 |       4 |   0.0 |   101
       Ossuary |       0 |     204 |   0.0 |       0 |      11 |   0.0 |   258
               +---------+---------+-------+---------+---------+-------+---------
